 Dungeon Crawl Stone Soup version 0.30-a0-883-g5ad918d77d (webtiles) character file.

Game seed: 2436355818588030305

424 FexLirch the Cudgeller (level 6, 0/82 HPs)
             Began as a Troll Warper on Mar 17, 2023.
             Succumbed to a scorpion's poison
             ... on level 5 of the Dungeon.
             The game lasted 00:09:07 (3468 turns).

FexLirch the Cudgeller (Troll Warper)               Turns: 3468, Time: 00:09:08

Health: 0/82       AC: 23    Str: 28    XL:     6   Next: 64%
Magic:  6/6        EV:  1    Int:  9    God:
Gold:   144        SH:  0    Dex:  9    Spells: 3/7 levels left

rFire   . . .      SeeInvis .    a - +0 mace
rCold   . . .      Faith    .    (no shield)
rNeg    . . .      Spirit   .    b - melded +0 robe
rPois   +          Reflect  .    (helmet currently unavailable)
rElec   .          Rampage  .    E - melded scarf {repulsion}
rCorr   +          NoTele   +    (gloves unavailable)
Will    .....                    (boots unavailable)
Stlth   +                        (no amulet)
HPRegen 1.13/turn                s - +6 ring of strength
MPRegen 0.10/turn                C - ring of resist corrosion

@: lethally poisoned (0 -> -4), tree-form
A: stationary, stasis, torment immunity, boosted hp, large, unfitting armour,
(claws 3), regeneration 1, (shaggy fur 1), (tough skin 1)
a: no special abilities


You were on level 5 of the Dungeon.
You were a tree.
You visited 1 branch of the dungeon, and saw 5 of its levels.

You collected 144 gold pieces.

Inventory:

Hand Weapons
 a - a +0 mace (weapon)
Missiles
 d - 7 boomerangs of dispersal
 l - 29 stones (quivered)
 G - 6 poisoned darts
Armour
 b - a +0 robe (melded)
 v - a +0 cloak
 E - a scarf of repulsion (melded)
Magical Staves
 o - a staff of fire
Jewellery
 s - a +6 ring of strength (left branch)
 C - a ring of resist corrosion (right branch)
Wands
 H - a wand of charming (3)
Scrolls
 e - 2 scrolls of fear {unknown}
 i - a scroll of summoning {unknown}
 m - 2 scrolls of teleportation {unknown}
 n - 3 scrolls of identify {unknown}
 u - a scroll of immolation
 y - a scroll of vulnerability {unknown}
 z - a scroll of magic mapping {unknown}
 A - 3 scrolls of poison {unknown}
 F - 2 scrolls of fog {unknown}
Potions
 f - 2 potions of haste {unknown}
 g - a potion of invisibility {unknown}
 h - a potion of degeneration {unknown}
 j - a potion of attraction {unknown}
 k - a potion of resistance {unknown}
 p - 3 potions of lignification
 q - 2 potions of might {unknown}
 r - 2 potions of curing {unknown}
 t - a potion of cancellation {unknown}
 w - 2 potions of heal wounds {unknown}
 x - a potion of flight {unknown}
 B - a potion of brilliance {unknown}
 D - a potion of mutation {unknown}
 I - 2 potions of magic {unknown}


   Skills:
 - Level 1.5 Fighting
 + Level 6.6 Maces & Flails
 - Level 0.8 Throwing
 - Level 1.9 Dodging
 - Level 1.2 Spellcasting
 - Level 2.1 Translocations


You had 3 spell levels left.
You knew the following spells:

 Your Spells              Type           Power      Damage    Failure   Level
a - Blink                 Tloc           8%         N/A       22%         2
b - Lesser Beckoning      Tloc           8%         N/A       22%         2

Your spell library contained the following spells:

 Spells                   Type           Power      Damage    Failure   Level
 Apportation              Tloc           8%         N/A       14%         1
 Necrotise                Necr           0%         1d4       36%         1
 Slow                     Hex            0%         N/A       36%         1
 Summon Small Mammal      Summ           0%         N/A       36%         1
 Teleport Other           Tloc           4%         N/A       41%         3
 Vhi's Electric Charge    Tloc/Air       4%         N/A       56%         3
 Confusing Touch          Hex            0%         N/A       73%         3
 Vampiric Draining        Necr           0%         2d6       73%         3
 Manifold Assault         Tloc           4%         N/A       82%         4


Dungeon Overview and Level Annotations

Branches:
Dungeon (5/15)
 Temple: D:4-7

Altars:
Kikubaaqudgha

Annotations:
D:4 1 runed translucent door, Sleet's ghost, amateur DsGl


Innate Abilities, Weirdness & Mutations

You are a tree.
Your roots penetrate the ground, keeping you stationary.
You cannot be teleported.
You are immune to unholy pain and torment.
Your maximum health is greatly increased.
Your equipment is partially melded.
You are too large for most types of armour.
((You have claws for hands.))
Your natural rate of healing is unusually fast.
((You are covered in fur. (AC +1)))
((You have tough skin. (AC +1)))


Message History

The scorpion stings you but does no damage.
You completely miss the scorpion.
The scorpion is severely wounded.
You feel sick. The scorpion stings you.
You are more poisoned.
The scorpion poisons you! The scorpion barely misses you.
You barely miss the scorpion.
The scorpion is severely wounded.
You feel very sick. The scorpion stings you.
You hit the scorpion but do no damage.
The scorpion is severely wounded.
You feel very sick. The scorpion stings you.
You closely miss the scorpion.
The scorpion is severely wounded.
You feel very sick. The scorpion stings you.
* * * LOW HITPOINT WARNING * * *
You are more poisoned.
The scorpion poisons you! The scorpion closely misses you.
You closely miss the scorpion.
The scorpion is severely wounded.
* * * LOW HITPOINT WARNING * * *
You feel very sick. The scorpion stings you!
* * * LOW HITPOINT WARNING * * *
Okay, then.
Unknown command.
Blink to where?
Press: ? - help, Dir - move target, p - scorpion
As you read the scroll of blinking, it crumbles to dust.
* * * LOW HITPOINT WARNING * * *
You feel very sick.
It was a potion of lignification.
You turn into a tree.
Your scarf of repulsion melds into your body.
Your +0 robe melds into your body.
The haze of the repulsion field disappears.
Your roots penetrate the ground.
You die...

#.# #.# ##########'#####.# #####
........#....#.#.######### #....
........#....'.#.##......## #....
........#....#.#.##.......###....
........######.#'##..............
....).)...# #......###).........
#######...####........s#.........
##..............♣......#.........
##..........)..........######s...
##.....................# #....
......................... #....
.........................+ #....
.....##########..........# #....
.##.........[##.....##### #.o..
.............##...... #o...
.............+ .... >......


You could see a scorpion.

Vanquished Creatures
  An ice beast (D:5)
  A jelly (D:4)
  2 orc priests (D:5)
  A hound (D:4)
  An iguana (D:4)
  8 adders
  2 ufetubi (D:5)
  2 worms
  4 dart slugs
  10 orcs
  9 ball pythons
  5 bats
  8 endoplasms
  3 giant cockroaches
  4 goblins
  8 hobgoblins
  4 quokkas
  2 frilled lizards (D:3)
  10 kobolds
  4 rats
89 creatures vanquished.

Notes
Turn   | Place    | Note
-------+----------+-------------------------------------------
     0 | D:1      | FexLirch the Troll Warper began the quest for the Orb.
     0 | D:1      | Reached XP level 1. HP: 19/19 MP: 1/1
    21 | D:1      | Reached skill level 2 in Maces & Flails
   138 | D:1      | Reached XP level 2. HP: 27/27 MP: 2/2
   527 | D:1      | Reached skill level 3 in Maces & Flails
   808 | D:2      | Reached XP level 3. HP: 33/33 MP: 3/3
  1308 | D:2      | Reached XP level 4. HP: 36/41 MP: 4/4
  1337 | D:2      | Reached skill level 4 in Maces & Flails
  1391 | D:2      | Identified the +9 war axe of Execution {freeze, rPois}
  2321 | D:3      | Found an ancient bone altar of Kikubaaqudgha.
  2664 | D:4      | Noticed a black bear
  2805 | D:4      | Reached XP level 5. HP: 27/48 MP: 5/5
  2842 | D:4      | Reached skill level 5 in Maces & Flails
  2960 | D:4      | Found a runed translucent door.
  2960 | D:4      | Noticed a hornet
  2961 | D:4      | Noticed Sleet's ghost (amateur DsGl)
  3078 | D:5      | Entered Level 5 of the Dungeon
  3141 | D:5      | Reached XP level 6. HP: 12/55 MP: 6/6
  3199 | D:5      | Learned a level 2 spell: Blink
  3202 | D:5      | Learned a level 2 spell: Lesser Beckoning
  3323 | D:5      | Reached skill level 6 in Maces & Flails
  3365 | D:5      | Noticed an ice beast
  3390 | D:5      | Killed an ice beast
  3467 | D:5      | HP: 1/55 [poisoned by a scorpion]
  3468 | D:5      | Succumbed to a scorpion's poison

Illustrated notes

Levels and vault maps discovered:
D:1:      lightli_iron_boxes, layout_basic
D:2:      layout_basic, kennysheep_generic_room_8
D:3:      layout_basic, mainiacjoe_overflow_boulevard
D:4:      layout_basic, ebering_ghost_inner_flame, minmay_misc_feat_tower
D:5:      layout_basic

Skill      XL: |  1  2  3  4  5  6 |
---------------+-------------------+-----
Maces & Flails | 2 3 4 5 6 |  6.6
Fighting       | |  1.5
Throwing       | |  0.8
Dodging        | |  1.9
Spellcasting   | |  1.2
Translocations | |  2.1

Action                     |  1- 3 |  4- 6 || total
---------------------------+-------+-------++-------
  Melee: Mace              |   154 |   252 ||   406
         Punch             |     1 |     1 ||     2
  Throw: Stone             |       |     5 ||     5
    Use: Scroll            |       |     1 ||     1
         Potion            |       |     1 ||     1
   Stab: Sleeping          |     2 |     1 ||     3
 Armour: Robe              |    78 |    82 ||   160
  Dodge: Dodged            |    96 |   125 ||   221

Table legend: (Time is in decaauts)
 A = Elapsed time spent in this place.
 B = Non-inter-level travel time spent in this place.
 C = Inter-level travel time spent in this place.
 D = Time resting spent in this place.
 E = Time spent auto-exploring this place.
 F = Levels seen in this place.
 G = Mean time per level.
                   A        B        C        D        E       F      G
               +--------+--------+--------+--------+--------+-----+--------+
         Total |   3542 |   3408 |    134 |     34 |   2128 |   5 |  708.4 |
       Dungeon |   3542 |   3408 |    134 |     34 |   2128 |   5 |  708.4 |
               +--------+--------+--------+--------+--------+-----+--------+

Top non-repeatable levels by time:
     D:2: 1154 daAuts
     D:1: 827 daAuts
     D:3: 732 daAuts
     D:4: 428 daAuts
     D:5: 399 daAuts
